Map: Ruins of Seras

Players

capac - Winner!

  • Race: Terran Terran
  • League: Gold

A.I. 1 (Elite)

  • Race: Terran Terran

VOD

Have the link to the VOD?

Description

Time

  • Played on: March 6, 2016, 10:31 a.m.
  • Length: 12:49
Show
View Real Time Build Order
Export as new Build Order

capac Terran - Winner!

Build Orders: MMM Bio 

Get SALT Encoding   

  12  0:01  SCV  
  13  0:16  Supply Depot  
  13  0:18  SCV  
  14  0:30  SCV  
  15  0:39  Barracks  
  15  0:43  SCV  
  15  0:46  Refinery  
  16  0:55  SCV  
  17  1:07  SCV  
  18  1:19  SCV  
  19  1:30  Barracks Reactor  
  19  1:31  SCV  
  20  1:41  Command Center  
  20  1:45  SCV  
  21  1:52  Supply Depot  
  21  2:06  Marine x2  
  23  2:09  Orbital Command  
  23  2:29  Factory  
  23  2:32  Marine  
  23  2:33  Marine  
  25  2:37  Refinery  
  25  2:46  SCV  
  26  2:52  Engineering Bay, Marine x2  
  27  3:04  SCV  
  28  3:15  Factory Tech Lab  
  28  3:17  Starport  
  28  3:18  SCV  
  29  3:20  Orbital Command  
  29  3:31  Missile Turret, SCV  
  30  3:40  Siege Tank  
  33  3:48  SCV x2  
  35  3:50  Marine  
  35  3:52  Marine  
  37  3:59  Medivac  
  39  4:09  Barracks  
  39  4:12  Marine x2  
  39  4:14  Siege Tank  
  44  4:21  SCV x2  
  46  4:37  Supply Depot  
  46  4:46  Marine x2, SCV x2, Medivac  
  52  4:59  Barracks Tech Lab, SCV x2, Supply Depot  
  54  5:05  Command Center  
  54  5:11  SCV x2  
  56  5:17  Siege Tank  
  59  5:22  Medivac  
  61  5:30  Stimpack  
  61  5:31  Marine  
  61  5:32  Marine x2  
  61  5:34  SCV  
  61  5:35  SCV  
  66  5:47  Supply Depot  
  66  5:49  Terran Infantry Weapons Level 1  
  66  5:54  Refinery, SCV x2  
  66  5:55  Refinery  
  68  5:58  Starport Reactor  
  68  5:59  Marine x2  
  70  6:09  Marine  
  71  6:20  Siege Tank, SCV  
  71  6:21  SCV  
  71  6:22  Marine x2  
  68  6:57  Marine, Medivac x2  
  68  6:58  Marine x2  
  75  7:03  Orbital Command  
  75  7:04  SCV x2  
  77  7:15  Marine x2  
  77  7:16  Marine, SCV  
  77  7:17  Supply Depot, SCV  
  82  7:29  SCV  
  83  7:34  Medivac x2  
  83  7:35  Marine  
  83  7:36  Marine x2  
  90  7:37  Combat Shields  
  90  7:40  Supply Depot, SCV  
  90  7:41  SCV  
  90  7:43  SCV  
  93  7:50  Supply Depot  
  93  7:53  Marine  
  93  7:55  SCV x3  
  93  7:56  Barracks  
  93  7:57  Marine x2  
  99  7:59  Barracks  
  99  8:01  Siege Tank  
  102  8:14  Marine  
  102  8:15  Marine x2  
  105  8:35  Siege Tank  
  105  8:36  Marine x3  
  111  9:01  Liberator x2  
  105  9:12  Marine  
  105  9:13  Marine x2  
  103  9:32  Marine x2  
  103  9:33  Marine  
  103  9:37  Siege Tank  
  93  10:10  Marine x3  
  85  10:28  Marine  
  86  10:36  Marine  
  87  10:44  Marine  
  87  10:46  Marine  
  86  10:54  Marine  
  87  11:11  Command Center  
  87  11:31  Marine  
Show
View Real Time Build Order
Export as new Build Order

A.I. 1 (Elite) Terran 

Build Orders: MMM Bio 

Get SALT Encoding   

  12  0:00  SCV  
  13  0:13  SCV  
  14  0:19  Supply Depot  
  14  0:25  SCV  
  15  0:41  SCV  
  16  0:43  Barracks  
  16  0:53  SCV  
  17  1:05  SCV  
  18  1:17  SCV  
  19  1:19  Supply Depot  
  19  1:23  Refinery  
  19  1:29  Marine, SCV  
  21  1:41  SCV  
  22  1:47  Marine  
  22  1:53  SCV  
  22  1:54  Barracks  
  24  1:58  Refinery  
  24  2:05  Marine, Orbital Command  
  24  2:06  Supply Depot  
  25  2:23  Marine  
  26  2:31  SCV  
  27  2:41  Marine  
  27  2:43  SCV  
  29  2:46  Command Center  
  29  3:03  Factory  
  29  3:04  SCV  
  30  3:07  Marine  
  30  3:09  Marine  
  32  3:16  SCV  
  33  3:25  Marine  
  34  3:27  Marine  
  34  3:28  SCV  
  36  3:37  Barracks  
  36  3:40  SCV  
  37  3:44  Barracks Tech Lab  
  37  3:47  Barracks Tech Lab  
  37  3:49  Factory Tech Lab  
  37  3:53  SCV  
  38  3:58  SCV  
  38  4:01  Supply Depot  
  39  4:05  SCV  
  39  4:07  Marine  
  39  4:09  Marine  
  41  4:10  SCV  
  41  4:15  Stimpack  
  44  4:17  SCV  
  44  4:22  Siege Tank, SCV  
  48  4:27  Combat Shields  
  48  4:29  SCV  
  49  4:34  Marine, SCV  
  49  4:36  Marine  
  49  4:38  Marine  
  53  4:41  SCV  
  54  4:47  Orbital Command  
  54  4:52  Marauder  
  56  4:53  Supply Depot  
  56  4:55  Marauder  
  58  5:13  Marauder  
  60  5:16  Marauder  
  60  5:20  Engineering Bay  
  62  5:23  Supply Depot  
  62  5:27  Command Center  
  62  5:35  Marauder  
  64  5:43  Marauder  
  64  5:47  Terran Infantry Weapons Level 1  
  65  5:55  Engineering Bay, Barracks Reactor  
  65  5:56  Marauder  
  67  6:03  Siege Tank  
  70  6:04  Marauder  
  70  6:08  Supply Depot, Concussive Shells  
  72  6:17  Marauder  
  74  6:21  Terran Infantry Armor Level 1  
  74  6:29  Marauder  
  76  6:33  Barracks  
  76  6:35  Siege Tank  
  79  6:40  Starport  
  71  6:48  Marine  
  61  6:55  Marine  
  61  6:59  Marine  
  63  7:01  Marine  
  63  7:05  SCV  
  63  7:06  Marine  
  66  7:09  SCV  
  66  7:10  SCV  
  66  7:12  Marine  
  69  7:16  Marine  
  70  7:23  Marine  
  70  7:24  Marine x2  
  73  7:30  Marine  
  73  7:34  Marine  
  73  7:36  Siege Tank  
  78  7:37  Starport Reactor  
  78  7:38  Orbital Command  
  78  7:41  Marine  
  78  7:42  Marine  
  80  7:44  Missile Turret  
  80  7:49  Marauder  
  82  7:58  Command Center  
  82  8:02  Marauder  
  84  8:07  Missile Turret  
  84  8:11  Marine  
  85  8:13  Marine  
  85  8:14  Medivac  
  88  8:24  Armory  
  88  8:35  Refinery  
  88  8:41  Refinery  
  88  8:50  Medivac  
  88  8:52  Supply Depot  
  90  8:58  SCV  
  91  9:04  SCV  
  84  9:10  SCV x2  
  84  9:13  Marauder  
  84  9:16  SCV  
  85  9:22  SCV x2  
  84  9:24  Marine  
  84  9:28  SCV  
  84  9:32  Supply Depot  
  84  9:35  Marauder  
  84  9:38  Marine  
  72  9:41  SCV  
  61  9:56  Barracks Tech Lab  
  56  10:13  Command Center  
  56  10:17  Marauder  
  56  10:19  Marine  
  56  10:24  Supply Depot  
  56  10:25  Marine  
  51  10:33  SCV  
  52  10:35  SCV  
  52  10:37  Marine  
  52  10:38  Marauder  
  56  10:43  Marine  
  56  10:45  SCV  
  56  10:48  SCV  
  59  10:54  Factory  
  59  10:55  Marine  
  60  10:57  SCV  
  60  11:00  Marauder, SCV  
  60  11:01  Marine  
  60  11:03  Supply Depot  
  65  11:09  SCV  
  66  11:12  SCV  
  66  11:13  Marine  
  68  11:19  Marine  
  68  11:22  SCV  
  68  11:24  Engineering Bay  
  68  11:25  SCV  
  73  11:26  Supply Depot, SCV  
  73  11:30  Marine  
  62  11:34  SCV  
  48  11:51  Barracks  
Tags
 
Composition
MMM BioMMM Bio
League
Gold
Matchup
TvT
Race
Terran
Add a new tag
Caveats
  • Supply blocks, unpowered buildings, or Contaminate may cause inaccurate times.
  • Supply counts are checked every 10 seconds.